 Dungeon Crawl Stone Soup version 0.25.0-1-g7eea58d2a3 (webtiles) character file.

Game seed: 17226666525260517630

524 Delamore the Cudgeler (level 7, -8/41 HPs)
             Began as a Gargoyle Fighter on June 13, 2020.
             Killed by divine providence
             ... invoked by an orc priest
              (16 damage)
             ... on level 4 of the Dungeon.
             The game lasted 00:04:00 (4200 turns).

Delamore the Cudgeler (Gargoyle Fighter)            Turns: 4200, Time: 00:04:00

Health: -8/41      AC: 15    Str: 27    XL:     7   Next: 22%
Magic:  7/7        EV: 10    Int:  9    God:
Gold:   91         SH:  9    Dex:  9    Spells: 6/6 levels left

rFire    . . .     SeeInvis .   a - +0 flail
rCold    . . .     Gourm    .   c - +0 kite shield
rNeg     + . .     Faith    .   x - +0 chain mail
rPois    ∞         Spirit   .   (no helmet)
rElec    +         Reflect  .   y - scarf {+Inv}
rCorr    .         Harm     .   o - +0 pair of gloves
MR       .....                  (no boots)
Stlth    ..........             (no amulet)
HPRegen  0.13/turn              B - +6 ring of strength
MPRegen  0.10/turn              A - +4 ring of evasion

@: no status effects
A: negative energy resistance 1, electricity resistance, unbreathing,
petrification resistance, rot immunity, AC +4
a: Evoke Invisibility


You were on level 4 of the Dungeon.
You were not hungry.

You visited 1 branch of the dungeon, and saw 4 of its levels.

You collected 91 gold pieces.

Inventory:

Hand Weapons
 a - a +0 flail (weapon)
Armour
 b - a +0 scale mail
 c - a +0 kite shield (worn)
 o - a +0 pair of gloves (worn)
 x - a +0 chain mail (worn)
 y - a scarf of invisibility (worn)
Jewellery
 e - an uncursed ring of stealth
 t - a +6 ring of intelligence
 u - an uncursed ring of ice
 A - a +4 ring of evasion (right hand)
 B - a +6 ring of strength (left hand)
Scrolls
 h - 2 scrolls of enchant weapon {unknown}
 i - 2 scrolls of remove curse {unknown}
 n - 5 scrolls of identify {unknown}
 p - a scroll of magic mapping {unknown}
 q - 2 scrolls of noise {unknown}
 r - a scroll of immolation
 s - a scroll of teleportation {unknown}
 v - 2 scrolls of amnesia {unknown}
Potions
 d - 2 potions of might
 g - a potion of magic {unknown}
 j - 3 potions of resistance {unknown}
 k - a potion of heal wounds {unknown}
 l - 2 potions of lignification {unknown}
 m - a potion of brilliance {unknown}
 w - a potion of ambrosia {unknown}
Comestibles
 f - 16 rations
 z - a chunk of flesh


   Skills:
 - Level 3.2 Fighting
 + Level 7.7 Maces & Flails
 - Level 3.2 Armour
 - Level 3.2 Shields


You had 6 spell levels left.
You didn't know any spells.
Your spell library contained the following spells:

 Spells                   Type           Power        Failure   Level  Hunger
 Animate Skeleton         Necr           N/A          100%        1    ##.....
 Apportation              Tloc           #.....       100%        1    ##.....
 Corona                   Hex            #......      100%        1    ##.....
 Summon Small Mammal      Summ           #...         100%        1    ##.....


Dungeon Overview and Level Annotations

Branches:
Dungeon (4/15)
 Temple: D:4-7

Altars:
Kikubaaqudgha

Annotations:
D:4 1 runed translucent door, Froggeryz's ghost, amateur FeTm


Innate Abilities, Weirdness & Mutations

You are resistant to torment.
Your stone body is resilient. (AC +4)
You are immune to poison.
You resist negative energy. (rN+)
You are resistant to electric shocks. (rElec)
You can survive without breathing.
You are immune to petrification.
You are immune to rotting.


Message History

The orc priest calls down the wrath of Beogh upon you.
You are unaffected.
The orc barely misses you.
Your chain mail prevents you from hitting the orc priest.
The orc priest is almost dead.
The orc priest hits you with a +0 dagger.
* * * LOW HITPOINT WARNING * * *
You block the orc's attack.
You closely miss the orc priest.
The orc priest is almost dead.
The orc priest invokes the aid of Beogh against you.
Pain shoots through your body!
* * * LOW HITPOINT WARNING * * *
The orc hits you but does no damage.
The orc priest miscasts a cantrip.
You barely miss the orc priest.
The orc priest is almost dead.
You block the orc's attack.
The orc priest mumbles some strange prayers to Beogh against you.
Beogh smites you!
You die...

.. ..................).. ..
.......#.).............. .. #.
#......#..............#. ..
....##......#................ ..
...#....................##..
..####..........#................
..#............%##......##.......
........##.................##....
...<....#.>.....@o...............
.....##...<$...).o...............
...#..........................#..
..............................###
##............................##
##.............................#
#..................#...#.....###
#..................##.####.###
.......###.....#..######.#.o#####


You could see an orc priest and an orc.

Vanquished Creatures
  A phantom (D:4)
  2 scorpions (D:4)
  2 hounds (D:4)
  4 orc wizards
  3 gnolls (D:2)
  4 adders
  3 oozes
  3 worms
  2 dart slugs
  4 leopard geckos
  9 orcs
  2 ball pythons (D:3)
  3 giant cockroaches
  8 goblins
  7 hobgoblins
  3 jackals (D:3)
  2 quokkas
  9 bats
  7 frilled lizards
  8 kobolds
  A leopard gecko skeleton (D:4)
  A rat (D:1)
88 creatures vanquished.

Vanquished Creatures (others)
  A human (D:4)
1 creature vanquished.

Grand Total: 89 creatures vanquished

Notes
Turn   | Place    | Note
-------+----------+-------------------------------------------
     0 | D:1      | Delamore the Gargoyle Fighter began the quest for the Orb.
     0 | D:1      | Reached XP level 1. HP: 14/14 MP: 1/1
   155 | D:1      | Reached XP level 2. HP: 18/19 MP: 2/2
   226 | D:1      | Reached skill level 3 in Maces & Flails
   507 | D:1      | Reached XP level 3. HP: 23/23 MP: 3/3
   898 | D:2      | Reached skill level 4 in Maces & Flails
   907 | D:2      | Reached XP level 4. HP: 14/28 MP: 4/4
  2273 | D:3      | Reached skill level 5 in Maces & Flails
  2307 | D:3      | Reached XP level 5. HP: 32/32 MP: 5/5
  3123 | D:4      | Reached skill level 6 in Maces & Flails
  3123 | D:4      | Reached XP level 6. HP: 31/37 MP: 6/6
  3184 | D:4      | Found an ancient bone altar of Kikubaaqudgha.
  3188 | D:4      | Noticed a human
  3195 | D:4      | Killed a human
  3660 | D:4      | Found a runed translucent door.
  3660 | D:4      | Noticed Froggeryz's ghost (amateur FeTm)
  3666 | D:4      | Noticed a phantom
  3670 | D:4      | Reached skill level 7 in Maces & Flails
  4035 | D:4      | Killed a phantom
  4035 | D:4      | Reached XP level 7. HP: 27/41 MP: 7/7
  4200 | D:4      | Killed from afar by an orc priest

Illustrated notes

Levels and vault maps discovered:
D:1:      dpeg_arrival_lava_altar, layout_loops_ring
D:2:      layout_loops_ring, first_ration, serial_co_window_serial,
          co_window_paths_b, co_window_corner_a, co_window_of_opportunity_a,
          co_window_cross_1, co_window_paths_a, co_window_corner_b,
          co_window_corner_cb, co_window_broadway_a, co_window_corner_b,
          co_window_broadway_c, co_window_corner_b, co_window_4corner_a,
          glass_columns_a, glass_columns_c, glass_columns_a, glass_columns_b,
          glass_columns_b, minivault_26
D:3:      layout_basic
D:4:      layout_cave_pools, ebering_ghost_inner_flame, tgw_kikubaaqudgha

Skill      XL: |  1  2  3  4  5  6 |
---------------+-------------------+-----
Maces & Flails | 3 4 5 6 7 |  7.7
Fighting       | |  3.2
Armour         | |  3.2
Shields        | |  3.2

Action                   |  1- 3 |  4- 6 |  7- 9 || total
-------------------------+-------+-------+-------++-------
Melee: Flail             |    99 |   296 |    18 ||   413
 Abil: Evoke Invisibilit |       |     1 |       ||     1
  Eat: Chunk             |       |    10 |     2 ||    12
Armor: Scale mail        |    53 |   197 |       ||   250
       Chain mail        |       |       |     6 ||     6
Dodge: Dodged            |    31 |   122 |     4 ||   157
Block: Kite shield       |    59 |   144 |     9 ||   212
